 Dungeon Crawl Stone Soup version 0.26-a0-653-g6669bab64c (webtiles) character file.

Game seed: 4730149665162929432

8039 miket3c the Cleaver (level 11, -3/94 HPs)
             Began as a Minotaur Fighter on Oct 4, 2020.
             Was an Elder of Makhleb.
             Slain by Snorg (13 damage)
             ... on level 10 of the Dungeon.
             The game lasted 00:22:23 (9795 turns).

miket3c the Cleaver (Minotaur Fighter)              Turns: 9795, Time: 00:22:24

Health: -3/94      AC: 22    Str: 24    XL:     11   Next: 4%
Magic:  10/10      EV:  6    Int: 11    God:    Makhleb [****..]
Gold:   552        SH: 11    Dex: 10    Spells: 10/10 levels left

rFire    . . .     SeeInvis .   a - +1 war axe
rCold    . . .     Faith    .   c - +0 kite shield
rNeg     . . .     Spirit   .   o - +4 plate armour
rPois    .         Reflect  .   (helmet restricted)
rElec    .         Harm     .   s - +0 cloak
rCorr    .         Rampage  .   M - +0 pair of gloves
MR       .....                  H - +0 pair of boots
Stlth    ..........             (no amulet)
HPRegen  0.25/turn              u - +6 ring of intelligence
MPRegen  0.12/turn              (no ring)

@: no status effects
A: retaliatory headbutt, horns 2
a: Minor Destruction, Lesser Servant of Makhleb, Major Destruction, Renounce
Religion


You were on level 10 of the Dungeon.
You worshipped Makhleb.
Makhleb was greatly pleased with you.
You visited 2 branches of the dungeon, and saw 11 of its levels.

You collected 667 gold pieces.
You spent 115 gold pieces at shops.

Inventory:

Hand Weapons
 a - a +1 war axe (weapon)
Missiles
 e - 376 stones (quivered)
 q - 17 boomerangs
 E - 7 javelins
 I - 16 poisoned darts
Armour
 b - a +0 scale mail
 c - a +0 kite shield (worn)
 o - a +4 plate armour (worn)
 s - a +0 cloak (worn)
 H - a +0 pair of boots (worn)
 M - a +0 pair of gloves (worn)
Jewellery
 j - an uncursed ring of magical power {unknown}
 u - a +6 ring of intelligence (left hand)
 G - an uncursed ring of ice {unknown}
Wands
 v - a wand of flame (21)
 w - a wand of iceblast (6)
 B - a wand of random effects (57)
 J - a wand of digging (8)
 K - a wand of disintegration (10)
 O - a wand of acid (6)
Scrolls
 h - a scroll of enchant weapon
 i - 2 scrolls of fear {unknown}
 k - 8 scrolls of identify
 l - 2 scrolls of blinking {unknown}
 n - 3 scrolls of amnesia {unknown}
 y - 4 scrolls of remove curse
 z - 2 scrolls of magic mapping {unknown}
 C - 3 scrolls of teleportation
 D - a scroll of vulnerability {unknown}
 F - 2 scrolls of fog
 P - a scroll of enchant armour
 Q - a scroll of immolation {unknown}
Potions
 d - a potion of might
 f - 3 potions of lignification {unknown}
 g - a potion of cancellation {unknown}
 m - a potion of resistance {unknown}
 r - 3 potions of haste {unknown}
 t - 2 potions of stabbing {unknown}
 x - 3 potions of heal wounds {unknown}
 A - a potion of flight {unknown}
 L - a potion of magic {unknown}
 N - a potion of ambrosia {unknown}


   Skills:
 + Level 7.8 Fighting
 * Level 14.5 Axes
 + Level 9.4 Armour
 + Level 2.0 Dodging
 + Level 1.3 Stealth
 + Level 8.4 Shields


You had 10 spell levels left.
You didn't know any spells.
Your spell library contained the following spells:

 Spells                   Type           Power        Failure   Level
 Animate Skeleton         Necr           #.....       100%        1
 Apportation              Tloc           #.....       100%        1
 Corona                   Hex            #......      100%        1
 Magic Dart               Conj           #...         100%        1
 Summon Small Mammal      Summ           #...         100%        1
 Blink                    Tloc           N/A          100%        2
 Call Imp                 Summ           #.......     100%        2
 Slow                     Hex            #.......     100%        2
 Conjure Flame            Conj/Fire      #.......     100%        3
 Mephitic Cloud           Conj/Pois/Air  #.......     100%        3
 Bolt of Magma            Conj/Fire/Erth #.........   100%        5
 Iskenderun's Battlesphe  Conj           #.......     100%        5
 Iron Shot                Conj/Erth      #.........   100%        6
 Orb of Destruction       Conj           #.........   100%        7
 Spellforged Servitor     Conj/Summ      #.........   100%        7


Dungeon Overview and Level Annotations

Branches:
Dungeon (10/15)            Temple (1/1) D:4            Lair (0/6) D:8
    Orc: D:9-12

Altars:
Ashenzari
Cheibriados
Dithmenos
Elyvilon
Fedhas
Gozag
Hepliaklqana
Kikubaaqudgha
Makhleb
Nemelex Xobeh
Okawaru
Qazlal
Ru
Sif Muna
Trog
Uskayaw
Vehumet
Wu Jian
Xom
Yredelemnul
Zin
The Shining One

Shops:
D:6 *   D:8 ?   D:10 }

Annotations:
D:6 exclusion: statue
D:8 Lair
D:10 Snorg


Innate Abilities, Weirdness & Mutations

You reflexively headbutt those who attack you in melee.
You have a pair of horns on your head.


Message History

You hit Snorg. Your headbutt misses Snorg.
Snorg is heavily wounded.
Snorg bites you!! Snorg claws you! x2
* * * LOW HITPOINT WARNING * * *
You are too injured to fight recklessly!
You are too injured to fight recklessly!
It was a potion of curing.
You feel better. You block Snorg's attack. x2
Snorg claws you but does no damage. Snorg bites you.
* * * LOW HITPOINT WARNING * * *
Snorg claws you!
* * * LOW HITPOINT WARNING * * *
Snorg claws you but does no damage.
You feel better. You block Snorg's attack. Snorg closely misses you.
Snorg claws you but does no damage.
You feel better. Snorg bites you!!
* * * LOW HITPOINT WARNING * * *
You block Snorg's attack. Snorg barely misses you.
Snorg bites you but does no damage. You block Snorg's attack. x2
You feel better. You block Snorg's attack. Snorg claws you!
You die...

.#####..# ##.# .# ##.#
#.# .# #.# #.##
#######.### #..#
##........# ##.#
#........# #.#
##........# #.#
..........#########.##
##.........<...T@....#
#........############
##########


You could see Snorg (berserk).

Vanquished Creatures
  A two-headed ogre (D:9)
  An ugly thing (D:10)
  Joseph (D:7)
  Maggie (D:7)
  A hornet (D:9)
  3 hippogriffs
  Sigmund (D:5)
  3 yaks (D:9)
  A wraith (D:10)
  A wyvern (D:9)
  Menkaure (D:7)
  A water moccasin (D:9)
  4 orc warriors
  2 sky beasts
  Duvessa (D:5)
  5 ogres
  An eye of draining (D:8)
  An ice beast (D:9)
  2 necrophages
  6 centaurs
  A phantom (D:8)
  2 big kobolds
  4 bullfrogs
  Dowan (D:5)
  3 scorpions
  6 killer bees
  7 jellies
  5 orc priests
  A gnoll shaman (D:6)
  11 orc wizards
  9 hounds
  3 bullfrog skeletons
  Jessica (D:3)
  Ijyb (D:4)
  An iguana (D:6)
  8 worker ants
  Robin (D:3)
  A howler monkey zombie (D:7)
  5 gnolls
  16 adders
  A shadow imp (D:8)
  2 white imps
  4 ufetubi
  A worm (D:3)
  2 adder skeletons
  4 dart slugs
  3 leopard geckos
  39 orcs
  2 ball pythons (D:2)
  6 giant cockroaches
  10 goblins
  8 hobgoblins
  14 jackals
  3 quokkas
  5 bats
  7 frilled lizards
  16 kobolds
  6 rats
258 creatures vanquished.

Notes
Turn   | Place    | Note
-------+----------+-------------------------------------------
     0 | D:1      | miket3c the Minotaur Fighter began the quest for the Orb.
     0 | D:1      | Reached XP level 1. HP: 19/19 MP: 0/0
   349 | D:1      | Reached XP level 2. HP: 26/27 MP: 1/1
  1166 | D:2      | Reached XP level 3. HP: 33/33 MP: 2/2
  1173 | D:2      | Reached skill level 3 in Axes
  1337 | D:2      | Reached skill level 1 in Dodging
  1337 | D:2      | Reached XP level 4. HP: 38/40 MP: 3/3
  1646 | D:3      | Noticed Jessica
  1652 | D:3      | Killed Jessica
  1800 | D:3      | Reached skill level 4 in Axes
  1919 | D:3      | Reached XP level 5. HP: 46/46 MP: 4/4
  2054 | D:3      | Noticed Robin
  2062 | D:3      | Killed Robin
  2580 | D:4      | Noticed an ogre
  2591 | D:4      | Killed an ogre
  2591 | D:4      | Reached skill level 5 in Axes
  2591 | D:4      | Reached skill level 5 in Armour
  2591 | D:4      | Reached XP level 6. HP: 19/53 MP: 5/5
  3110 | D:4      | Reached skill level 6 in Axes
  3438 | D:4      | Found a staircase to the Ecumenical Temple.
  3458 | D:4      | Reached XP level 7. HP: 60/60 MP: 6/6
  3485 | Temple   | Entered the Ecumenical Temple
  3656 | Temple   | Became a worshipper of Makhleb the Destroyer
  3710 | D:4      | Noticed Ijyb
  3723 | D:4      | Killed Ijyb
  3974 | D:4      | Found a sparkling altar of Nemelex Xobeh.
  4039 | D:5      | Entered Level 5 of the Dungeon
  4096 | D:5      | Reached skill level 7 in Axes
  4096 | D:5      | Reached skill level 5 in Shields
  4120 | D:5      | Reached skill level 1 in Stealth
  4139 | D:5      | Reached skill level 5 in Fighting
  4573 | D:5      | Noticed Duvessa
  4578 | D:5      | Noticed Dowan
  4586 | D:5      | Killed Duvessa
  4586 | D:5      | Reached skill level 8 in Axes
  4586 | D:5      | Reached XP level 8. HP: 60/68 MP: 7/7
  4589 | D:5      | Killed Dowan
  4751 | D:5      | Noticed Sigmund
  4758 | D:5      | Killed Sigmund
  4758 | D:5      | Reached * piety under Makhleb
  5203 | D:5      | Found a shimmering blue altar of Sif Muna.
  5248 | D:6      | Reached skill level 9 in Axes
  5412 | D:6      | Found Jezib's Mass Market.
  5576 | D:6      | Found a radiant altar of Vehumet.
  6179 | D:7      | Noticed Menkaure
  6187 | D:7      | Killed Menkaure
  6196 | D:7      | Noticed Joseph
  6200 | D:7      | Reached XP level 9. HP: 68/75 MP: 8/8
  6207 | D:7      | Killed Joseph
  6207 | D:7      | Reached skill level 10 in Axes
  7140 | D:7      | Noticed Maggie
  7161 | D:7      | Killed Maggie
  7161 | D:7      | Reached skill level 11 in Axes
  7165 | D:7      | Reached ** piety under Makhleb
  7890 | D:8      | Found a glowing silver altar of Zin.
  7891 | D:8      | Found an ornate altar of the Wu Jian Council.
  7983 | D:8      | Reached skill level 12 in Axes
  8102 | D:8      | Found Eceexig's Magic Scroll Shoppe.
  8109 | D:8      | Reached XP level 10. HP: 84/84 MP: 9/9
  8121 | D:8      | Bought a scroll of enchant armour for 82 gold pieces
  8121 | D:8      | Bought a scroll of teleportation for 33 gold pieces
  8126 | D:8      | Found a staircase to the Lair.
  8327 | D:9      | Noticed a two-headed ogre
  8346 | D:9      | Killed a two-headed ogre
  8615 | D:9      | Reached *** piety under Makhleb
  8615 | D:9      | Reached skill level 13 in Axes
  8889 | D:9      | Found a bloodstained altar of Trog.
  9386 | D:10     | Entered Level 10 of the Dungeon
  9437 | D:10     | Found Naucosiv's Gadget Shop.
  9457 | D:10     | Noticed a purple ugly thing
  9466 | D:10     | Killed a purple ugly thing
  9466 | D:10     | Reached skill level 14 in Axes
  9621 | D:10     | Reached XP level 11. HP: 92/93 MP: 10/10
  9751 | D:10     | Reached **** piety under Makhleb
  9783 | D:10     | Noticed Snorg
  9794 | D:10     | HP: 1/94 [Snorg (20)]
  9795 | D:10     | Slain by Snorg

Illustrated notes

Levels and vault maps discovered:
D:1:      evilmike_arrival_rings, layout_basic, minmay_statues_item,
          hangedman_abyss_or_decor_lesser_grid, chequers_serial_rivers_room_a,
          minmay_misc_feat_iff
D:2:      layout_basic
D:3:      layout_basic, uniq_jessica, uniq_crazy_yiuf_cottage, uniq_robin
D:4:      layout_loops_ring, overflow_temple_1_default, temple_pool_b,
          eino_tiny_chamber, uniq_ijyb
D:5:      layout_loops_ring, led_sif_pool, lightli_corner_chamber, uniq_sigmund,
          uniq_duvessa
D:6:      minmay_cornered_nines, layout_basic, vehumet_statue, minmay_shop_mass
D:7:      layout_rooms, enter_ossuary_2, uniq_maggie, uniq_menkaure, uniq_joseph
D:8:      layout_basic, minitemple, lair_entry_dummy, serial_shops,
          nicolae_shop_crystal
D:9:      layout_loops_ring, bloody_trog, chequers_serial_rivers_small_b,
          kennysheep_path_1
D:10:     layout_rooms, david_orc_4, serial_shops, nicolae_shop_crystal,
          kennysheep_kite_vault, uniq_snorg
Temple:   eino_temple_scatter_basement

Skill      XL: |  1  2  3  4  5  6  7  8  9 10 |
---------------+-------------------------------+-----
Armour         | 4 5 6 7 8 9 |  9.4
Shields        | 4 5 6 7 8 |  8.4
Fighting       | 4 5 6 7 |  7.8
Axes           | 3 4 5 6 8 9 12 14 | 14.5
Dodging        | 1 2 |  2.0
Stealth        | 1 |  1.3

Action                   |  1- 3 |  4- 6 |  7- 9 | 10-12 || total
-------------------------+-------+-------+-------+-------++-------
Melee: War axe           |    81 |   119 |   378 |   179 ||   757
       Headbutt          |    12 |    19 |    61 |    43 ||   135
  Use: Scroll            |       |       |     6 |     3 ||     9
       Potion            |       |       |       |     4 ||     4
Armor: Scale mail        |    45 |    23 |       |       ||    68
       Plate armour      |       |    23 |   219 |    78 ||   320
Dodge: Dodged            |    28 |    39 |    89 |    47 ||   203
Block: Kite shield       |    47 |    57 |   224 |    95 ||   423

Table legend: (Time is in decaauts)
 A = Elapsed time spent in this place.
 B = Non-inter-level travel time spent in this place.
 C = Inter-level travel time spent in this place.
 D = Time resting spent in this place.
 E = Time spent auto-exploring this place.
 F = Levels seen in this place.
 G = Mean time per level.
                   A        B        C        D        E       F      G
               +--------+--------+--------+--------+--------+-----+--------+
         Total |   9880 |   9469 |    411 |   2238 |   5633 |  11 |  898.2 |
       Dungeon |   9695 |   9324 |    371 |   2238 |   5491 |  10 |  969.5 |
        Temple |    184 |    144 |     40 |      0 |    142 |   1 |  184.0 |
               +--------+--------+--------+--------+--------+-----+--------+

Top non-repeatable levels by time:
     D:4: 1353 daAuts
     D:5: 1208 daAuts
     D:6: 1140 daAuts
     D:9: 1083 daAuts
     D:1: 1079 daAuts
     D:7: 1060 daAuts
     D:3: 897 daAuts
     D:8: 872 daAuts
     D:2: 604 daAuts
    D:10: 395 daAuts
  Temple: 184 daAuts
